 Dungeon Crawl Stone Soup version 0.20.1-1-g8b1a95d (webtiles) character file.

3682 vineage the Protected (level 9, 0/117 HPs)
             Began as a Minotaur Fighter on July 26, 2017.
             Slain by a hellwing (5 damage)
             ... on level 8 of the Dungeon.
             The game lasted 00:20:34 (4911 turns).

vineage the Protected (Minotaur Fighter)            Turns: 4911, Time: 00:20:36

Health: 0/117      AC: 26    Str: 23    XL:     9   Next: 90%
Magic:  0/8        EV:  2    Int:  7    God:
Gold:   395        SH: 11    Dex: 11    Spells: 8/8 levels left

rFire    . . .     SeeInvis .   L - +3 hand axe
rCold    . . .     Gourm    .   c - +0 shield
rNeg     + + +     Faith    .   (armour currently unavailable)
rPois    +         Spirit   +   (helmet currently unavailable)
rElec    .         Reflect  .   (cloak currently unavailable)
rCorr    .         Harm     .   (gloves currently unavailable)
MR       .....     NoTele   +   (boots currently unavailable)
Stlth    ++........             s - amulet of guardian spirit
Regen    0.3/turn               q - +2 ring of intelligence
MPRegen  0.2/turn               G - +2 ring of protection

@: tree-form
A: (retaliatory headbutt)
a: no special abilities


You were on level 8 of the Dungeon.
You were full.
You were a tree.
You visited 1 branch of the dungeon, and saw 8 of its levels.

You collected 395 gold pieces.

Inventory:

Hand Weapons
 a - a +1 war axe
 k - a +0 rapier
 v - a +2 mace of draining
 L - a +3 hand axe (weapon)
Armour
 b - a +0 scale mail
 c - a +0 shield (worn)
 C - a +1 chain mail of poison resistance (melded)
 F - a +0 pair of boots (melded)
Jewellery
 j - an uncursed ring of ice
 q - a +2 ring of intelligence (left branch)
 s - an amulet of guardian spirit (around neck)
 G - a +2 ring of protection (right branch)
 J - an uncursed ring of poison resistance
Wands
 w - a wand of iceblast (10/15)
 y - a wand of paralysis (24/24)
 A - a wand of confusion (9/48)
 D - a wand of flame (32/48)
 M - a wand of polymorph (8/24)
Scrolls
 h - a scroll of random uselessness
 i - a scroll of teleportation
 p - 4 scrolls of remove curse
 E - 2 scrolls of recharging
 K - a scroll of enchant weapon
 O - a scroll of magic mapping {unknown}
Potions
 d - 3 potions of might
 e - a potion of cancellation
 l - 2 potions of flight
 n - 3 potions of curing
 o - 2 potions of degeneration
 r - a potion of resistance
 t - a potion of mutation {unknown}
 z - 2 potions of brilliance {unknown}
 B - a potion of invisibility {unknown}
 H - a potion of ambrosia {unknown}
 N - 2 potions of heal wounds
Books
 I - a book of Conjurations

   Spells                             Type                      Level
   a - Magic Dart                     Conjuration                  1
   b - Searing Ray                    Conjuration                  2
   c - Dazzling Spray                 Conjuration/Hexes            3
   d - Fulminant Prism                Conjuration/Hexes            4
   e - Force Lance                    Conjuration/Translocation    4
   f - Iskenderun's Mystic Blast      Conjuration                  4
Comestibles
 f - 5 bread rations
 g - 2 royal jellies
 m - 4 meat rations
 x - 5 fruits


   Skills:
 + Level 6.9 Fighting
 + Level 5.7(7.9) Axes
 + Level 8.4(9.2) Maces & Flails
 + Level 9.2 Armour
 + Level 3.2 Dodging
 + Level 1.2 Stealth
 + Level 9.0 Shields


You had 8 spell levels left.
You didn't know any spells.

Dungeon Overview and Level Annotations

Branches:
Dungeon (8/15)             Temple (0/1) D:6
   Lair: D:8-11

Altars:
Cheibriados
Dithmenos
Hepliaklqana
Kikubaaqudgha
Qazlal
Uskayaw
Yredelemnul
The Shining One

Shops:
D:5 }   D:7 %

Annotations:
D:7 1 runed door


Innate Abilities, Weirdness & Mutations

((You reflexively headbutt those who attack you in melee.))
((You have a pair of horns on your head.))


Message History

You slash the centaur warrior zombie!
The centaur warrior zombie is heavily damaged.
You hit the hellwing but do no damage. You hit the hellwing.
The centaur warrior zombie hits you but does no damage.
You block the hellwing's attack.
The hellwing hits you but does no damage. x3
You hit the hellwing but do no damage.
The hellwing is heavily wounded.
You slash the centaur warrior zombie! You hit the hellwing but do no damage.
The centaur warrior zombie barely misses you.
The hellwing hits you but does no damage. x2
The shadow imp shouts, "Escape, thou horrid ruttish barnacle!"
You hit the hellwing.
The hellwing is heavily wounded.
You hit the centaur warrior zombie. You hit the hellwing but do no damage.
The centaur warrior zombie hits you but does no damage.
You block the hellwing's attack. The hellwing hits you.
* * * LOW HITPOINT WARNING * * *
The hellwing barely misses you. The hellwing hits you.
You die...

##.#.# .#.#.#
## #..#.# #..
#....#
.#.#.## ....#
#..$#.. #...#
#.##.5Z##4..#
.....ZZZ♣45.#
....P5.###..#
P.P.8.. #<.#
.PP.... #..#
....... .....
..$Z5..
.##.###
$∩%.P.... .#
$8.5..8. .#
... .#


You could see 2 hellwings, 3 shadow imps, a wyvern zombie, 2 centaur warrior
zombies and a centaur warrior skeleton.

Vanquished Creatures
  A centaur zombie (D:8)
  Eustachio (D:6)
  Menkaure (D:4)
  A water moccasin (D:7)
  Duvessa (D:7)
  A black bear (D:7)
  An ice beast (D:7)
  3 ogres
  2 centaurs (D:5)
  Dowan (D:7)
  3 bullfrogs
  A scorpion (D:7)
  5 wights (D:7)
  4 howler monkeys
  2 crimson imps (D:6)
  2 bullfrog zombies
  4 hounds
  5 orc priests
  12 orc wizards
  A bullfrog skeleton (D:5)
  2 centaur skeletons
  Jessica (D:2)
  Natasha (D:4)
  8 worker ants
  A hound zombie (D:7)
  A worker ant zombie (D:5)
  12 gnolls
  4 adders
  An adder skeleton (D:4)
  A dart slug (D:3)
  5 leopard geckos
  39 orcs
  A ball python (D:4)
  7 bats
  7 giant cockroaches
  9 goblins
  5 hobgoblins
  6 jackals
  4 quokkas
  2 frilled lizards
  6 kobolds
  2 leopard gecko skeletons
  8 rats
185 creatures vanquished.

Vanquished Creatures (others)
  A withered plant (D:8)
1 creature vanquished.

Grand Total: 186 creatures vanquished

Notes
Turn   | Place    | Note
-------+----------+-------------------------------------------
     0 | D:1      | vineage the Minotaur Fighter began the quest for the Orb.
     0 | D:1      | Reached XP level 1. HP: 19/19 MP: 0/0
    82 | D:1      | Reached XP level 2. HP: 27/27 MP: 1/1
   521 | D:2      | Reached XP level 3. HP: 33/33 MP: 2/2
   555 | D:2      | Found a shadowy altar of Dithmenos.
   736 | D:2      | Found an ancient bone altar of Kikubaaqudgha.
   753 | D:2      | Noticed Jessica
   759 | D:2      | Killed Jessica
  1130 | D:3      | Reached XP level 4. HP: 34/40 MP: 3/3
  1537 | D:3      | Noticed a bullfrog
  1543 | D:3      | Killed a bullfrog
  1543 | D:3      | Reached skill level 1 in Dodging
  1543 | D:3      | Reached XP level 5. HP: 32/46 MP: 2/4
  1591 | D:3      | Reached skill level 5 in Shields
  1600 | D:3      | Reached skill level 5 in Armour
  1869 | D:4      | Reached skill level 1 in Maces & Flails
  1988 | D:4      | Reached XP level 6. HP: 48/53 MP: 3/5
  2070 | D:4      | Noticed Menkaure
  2353 | D:4      | Killed Menkaure
  2353 | D:4      | Reached XP level 7. HP: 35/60 MP: 3/6
  2443 | D:4      | Found a snail-covered altar of Cheibriados.
  2443 | D:4      | Found a glowing golden altar of the Shining One.
  2470 | D:4      | Noticed Natasha
  2477 | D:4      | Killed Natasha
  2608 | D:4      | Reached skill level 1 in Stealth
  2661 | D:4      | Found a basalt altar of Yredelemnul.
  2661 | D:4      | Found a stormy altar of Qazlal.
  2667 | D:4      | Found a shadowy altar of Dithmenos.
  2917 | D:5      | Entered Level 5 of the Dungeon
  2945 | D:5      | Found a hide-covered altar of Uskayaw.
  3269 | D:5      | Reached skill level 5 in Maces & Flails
  3269 | D:5      | Reached XP level 8. HP: 62/67 MP: 5/7
  3309 | D:5      | Reached skill level 5 in Fighting
  3579 | D:5      | Found Ylodwir's Gadget Shoppe.
  3757 | D:6      | Found a staircase to the Ecumenical Temple.
  3908 | D:6      | Noticed Eustachio
  3963 | D:6      | Killed Eustachio
  4083 | D:6      | Reached XP level 9. HP: 43/75 MP: 4/8
  4388 | D:7      | Found Fowuawi's Food Emporium.
  4463 | D:7      | Noticed Duvessa
  4476 | D:7      | Noticed Dowan
  4477 | D:7      | Killed Duvessa
  4488 | D:7      | Killed Dowan
  4645 | D:7      | Found a hazy altar of Hepliaklqana.
  4773 | D:7      | Found a runed door.
  4882 | D:8      | Noticed a hellwing
  4882 | D:8      | Noticed a hellwing
  4888 | D:8      | Reached skill level 5 in Axes
  4908 | D:8      | HP: 5/117 [hellwing (1)]
  4911 | D:8      | Slain by a hellwing

Skill      XL: |  1  2  3  4  5  6  7  8  9 |
---------------+----------------------------+-----
Armour         | 4 5 7 8 9 |  9.2
Fighting       | 4 5 6 |  6.9
Shields        | 4 5 6 7 9 |  9.0
Axes           | 3 4 5 |  5.7
Dodging        | 1 2 3 |  3.2
Maces & Flails | 1 3 5 7 8 |  8.4
Stealth        | 1 |  1.2

Action                   |  1- 3 |  4- 6 |  7- 9 || total
-------------------------+-------+-------+-------++-------
Melee: War axe           |    65 |    29 |       ||    94
       Headbutt          |     8 |    21 |    68 ||    97
       Mace              |       |    84 |   297 ||   381
       Hand axe          |       |       |    84 ||    84
  Use: Scroll            |     7 |     1 |     9 ||    17
       Potion            |       |     2 |     3 ||     5
  Eat: Chunk             |       |     2 |       ||     2
       Bread ration      |       |     2 |     2 ||     4
Armor: Scale mail        |    41 |    46 |       ||    87
       Chain mail        |       |       |   223 ||   223
       Skin              |       |       |    13 ||    13
Dodge: Dodged            |    33 |    34 |   128 ||   195
Block: Shield            |    44 |    48 |   256 ||   348
